Map: Interloper LE

Players

Corea - Winner!

  • Race: Protoss Protoss
  • League: Gold
  • Spawn Location: 5:00

Juxtapose

  • Race: Terran Terran
  • League: Gold
  • Spawn Location: 11:00

VOD

https://youtu.be/V8suV0_kAgs

Description

My opponent simply outplayed me, even though he didn't do anything special. This is unsurprising since I'm so weak as Terran.

Time

  • Played on: Oct. 1, 2017, 10:37 a.m.
  • Length: 9:12
Show
View Real Time Build Order
Export as new Build Order

Corea Protoss - Winner!

Build Orders: 1 Gate Expand, Double Forge, Colossus Rush 

Get SALT Encoding   

  12  0:01  Probe (Chrono Boost)  
  13  0:11  Probe (Chrono Boost)  
  14  0:19  Pylon  
  14  0:22  Probe (Chrono Boost)  
  15  0:38  Probe (Chrono Boost)  
  15  0:40  Gateway  
  16  0:48  Probe (Chrono Boost)  
  17  0:50  Assimilator  
  17  0:59  Probe (Chrono Boost)  
  18  1:09  Probe (Chrono Boost)  
  19  1:20  Probe (Chrono Boost)  
  20  1:36  Nexus  
  20  1:38  Cybernetics Core  
  20  1:41  Probe (Chrono Boost)  
  22  1:54  Probe (Chrono Boost)  
  22  1:56  Assimilator  
  22  1:59  Pylon  
  22  2:04  Probe (Chrono Boost)  
  23  2:14  Warp Gate (Chrono Boost)  
  23  2:18  Adept (Chrono Boost)  
  23  2:20  Probe  
  26  2:32  Probe  
  27  2:44  Probe  
  27  2:47  Robotics Facility  
  28  2:53  Pylon  
  28  2:59  Gateway x2  
  28  3:07  Probe, Gateway  
  29  3:15  Probe  
  29  3:19  Probe  
  31  3:24  Mothership Core  
  31  3:31  Probe  
  36  3:38  Observer  
  37  3:43  Probe  
  37  3:44  Probe  
  39  3:54  Probe  
  37  3:56  Probe  
  39  4:06  Forge  
  39  4:07  Forge  
  39  4:08  Probe  
  40  4:10  Twilight Council  
  40  4:13  Robotics Bay  
  40  4:14  Probe  
  41  4:20  Probe  
  41  4:33  Stalker x2  
  41  4:35  Adept  
  41  4:36  Probe  
  48  4:40  Assimilator  
  48  4:45  Assimilator  
  48  4:50  Zealot  
  50  4:53  Protoss Ground Weapons Level 1 (Chrono Boost)  
  50  5:01  Probe  
  50  5:03  Probe  
  52  5:10  Zealot  
  54  5:14  Pylon  
  54  5:15  Protoss Ground Armor Level 1 (Chrono Boost)  
  54  5:31  Probe, Colossus (Chrono Boost)  
  54  5:32  Pylon, Probe  
  62  5:36  Nexus  
  62  5:48  Extended Thermal Lance (Chrono Boost)  
  62  5:50  Probe  
  62  5:56  Zealot x3  
  69  6:01  Resonating Glaives (Chrono Boost)  
  69  6:25  Pylon  
  69  6:27  Pylon  
  69  6:29  Pylon  
  69  6:30  Probe  
  70  6:37  Colossus  
  70  6:39  Protoss Ground Weapons Level 2  
  70  6:43  Probe x2  
  78  6:51  Pylon, Stalker x4  
  86  6:55  Probe  
  87  7:04  Probe  
  87  7:05  Probe  
  87  7:07  Probe  
  90  7:12  Templar Archives  
  90  7:16  Probe  
  90  7:17  Probe  
  90  7:19  Probe  
  93  7:29  Probe  
  94  7:31  Stalker x4  
  94  7:35  Colossus  
  94  7:36  Probe  
  109  7:48  Pylon, Probe x3  
  112  8:00  Probe x2  
  112  8:03  Adept  
  116  8:07  Pylon  
  116  8:09  Pylon, High Templar  
  116  8:10  Adept  
  116  8:11  Adept, Pylon  
  123  8:12  Probe  
  123  8:16  Assimilator  
  123  8:20  Assimilator  
  123  8:33  High Templar x2  
  118  8:52  Probe x2  
  116  9:07  Stalker x2  
  120  9:11  Zealot x2, Pylon  
Show
View Real Time Build Order
Export as new Build Order

Juxtapose Terran 

Build Orders: MMM Bio 

Get SALT Encoding   

  12  0:01  SCV  
  13  0:13  SCV  
  14  0:22  Supply Depot  
  14  0:25  SCV  
  15  0:44  SCV  
  15  0:47  Barracks  
  15  0:49  Supply Depot  
  16  0:56  SCV  
  17  1:05  Refinery  
  17  1:08  SCV  
  18  1:16  Supply Depot  
  18  1:20  SCV  
  19  1:26  Refinery  
  20  1:34  Orbital Command  
  20  1:35  Marine  
  21  1:55  Barracks Reactor  
  20  2:04  SCV, Supply Depot  
  21  2:11  Barracks  
  21  2:16  SCV  
  22  2:28  SCV  
  23  2:35  Marine x2  
  25  2:43  Command Center  
  25  2:49  Engineering Bay  
  25  3:00  Factory  
  25  3:01  Barracks Tech Lab  
  25  3:05  Marine  
  26  3:21  Missile Turret  
  26  3:25  Stimpack, Marine x2  
  28  3:27  Marine  
  29  3:45  Factory Reactor  
  29  3:46  Marine x2  
  29  3:47  Marauder  
  33  3:57  Orbital Command  
  33  4:08  Missile Turret  
  33  4:26  Orbital Command  
  33  4:27  Widow Mine x2  
  37  4:40  SCV  
  38  4:52  SCV  
  39  4:59  SCV, Sensor Tower  
  40  5:04  SCV  
  40  5:06  Starport  
  41  5:11  SCV  
  41  5:13  Supply Depot  
  42  5:16  SCV  
  43  5:23  SCV  
  45  5:28  SCV  
  45  5:29  Marine x2  
  45  5:30  Marauder  
  45  5:35  SCV  
  50  5:37  Terran Infantry Weapons Level 1  
  50  5:40  SCV  
  50  5:41  Armory  
  51  5:47  SCV  
  52  5:52  SCV  
  53  5:59  SCV  
  53  6:03  Starport Reactor  
  54  6:09  Starport  
  54  6:16  SCV  
  55  6:22  Refinery  
  55  6:23  Refinery  
  55  6:28  SCV  
  56  6:44  Terran Ship Weapons Level 1  
  57  6:47  SCV  
  57  6:49  SCV  
  58  6:59  SCV  
  59  7:01  SCV  
  59  7:03  Starport Tech Lab  
  59  7:04  Viking x2  
  64  7:11  SCV  
  64  7:13  SCV  
  66  7:17  Supply Depot  
  66  7:22  Marine  
  66  7:23  Marine  
  66  7:24  Marauder  
  70  7:38  Raven  
  70  7:39  SCV, Supply Depot  
  70  7:43  Viking x2  
  77  7:49  Combat Shields  
  77  7:51  Marine  
  78  8:00  Marine  
  78  8:02  Supply Depot  
  79  8:07  Command Center  
  79  8:18  Viking x2  
  83  8:21  Medivac  
  84  8:37  Marine x2  
  84  8:38  Marine  
Tags
 
Add a new tag
Caveats
  • Supply blocks, unpowered buildings, or Contaminate may cause inaccurate times.
  • Supply counts are checked every 10 seconds.